 Dungeon Crawl Stone Soup version 0.31.0-4-g52a2dc7128 (webtiles) character file.

Game seed: 283501385106104964

194 Gobbopathe the Changeling (level 5, -2/35 HPs)
             Began as an Octopode Shapeshifter on Jan 21, 2024.
             Slain by a hobgoblin (4 damage)
             ... on level 4 of the Dungeon.
             The game lasted 00:04:22 (2380 turns).

Gobbopathe the Changeling (Octopode Shapeshifter)   Turns: 2380, Time: 00:04:23

Health: -2/35      AC:  1    Str: 16    XL:     5   Next: 73%
Magic:  5/5        EV: 13    Int: 12    God:
Gold:   95         SH:  0    Dex: 11    Spells: 4/4 levels left

rFire   . .          .
                       - Unarmed
rCold   . . .        (no shield)
rNeg    . . .        (helmet currently unavailable)
rPois   .            (no amulet)
rElec   .            (no ring)
rCorr   .            (no ring)
SInv    .            (no ring)
Will    .....        (no ring)
Stlth   +++          (no ring)
HPRegen 0.25/turn    (no ring)
MPRegen 0.09/turn    (no ring)
                     (no ring)

%: no passive effects
@: lethally poisoned (-2 -> -4), beast-form, attractive
A: beast (slay +2), almost no armour, amphibious, 8 rings, camouflage 1,
gelatinous body 1, (nimble swimmer 1), tentacles
a: Begin Untransformation


You were on level 4 of the Dungeon.
You were a hulking beast.
You visited 1 branch of the dungeon, and saw 4 of its levels.

You collected 95 gold pieces.

Inventory:

Hand Weapons
 b - a +0 sling
 o - the +7 staff of the Meek {protect, meekguard}
   (You found it on level 3 of the Dungeon)
Missiles
 d - 31 stones (quivered)
Talismans
 c - a flux talisman
 k - a beast talisman
Scrolls
 e - 4 scrolls of identify {unknown}
 g - a scroll of summoning {unknown}
 i - a scroll of noise {unknown}
 l - a scroll of teleportation {unknown}
 m - a scroll of enchant weapon {unknown}
 n - a scroll of silence {unknown}
Potions
 a - a potion of lignification
 f - a potion of attraction
 h - a potion of curing {unknown}
 j - a potion of resistance {unknown}


   Skills:
 * Level 2.7 Fighting
 + Level 2.8 Dodging
 + Level 2.8 Stealth
 + Level 3.5 Unarmed Combat
 * Level 4.0 Shapeshifting


You had 4 spell levels left.
You didn't know any spells.
Your spell library contained the following spells:

 Spells                   Type           Power      Damage    Failure   Level
 Magic Dart               Conj           0%         1d3       32%         1
 Cigotuvi's Dreadful Rot  Necr/Alch/Air  0%         N/A       45%         2
 Searing Ray              Conj           0%         2d4       45%         2
 Fulminant Prism          Conj/Alch      0%         3d5       97%         4
 Ignite Poison            Fire/Alch      0%         N/A       97%         4
 Freezing Cloud           Conj/Ice/Air   0%         6-21      100%        5


Dungeon Overview and Level Annotations

Branches:
Dungeon (4/15) Zot: 21626
 Temple: D:4-7

Altars:
Elyvilon

Shops:
D:1 *   D:2 :


Innate Abilities, Weirdness & Mutations

You are a hulking beast.
Your limbs bulge with bestial killing power. (Slay +2)
You cannot wear most types of armour.
You are amphibious.
You can wear up to eight rings at the same time.
Your skin changes colour to match your surroundings (Stealth+).
Your rubbery body absorbs attacks. (AC +1, EV +1)
((You are camouflaged when in or above water. (Stealth+)))
You have tentacles for arms and can constrict up to eight enemies at once.


Message History

The ribbon worm is heavily wounded.
You constrict the ribbon worm. The hobgoblin misses you.
You tentacle-slap the ribbon worm.
The ribbon worm is almost dead.
You constrict the ribbon worm.
The ribbon worm expels a string of sticky webbing.
The stream of webbing misses you.
You bludgeon the ribbon worm!
You kill the ribbon worm!
The hobgoblin barely misses you. The adder barely misses you.
You tentacle-slap the adder. Your grab misses the adder.
Your squeeze misses the adder.
The adder is heavily wounded.
The adder closely misses you. The hobgoblin hits you. x2
You closely miss the adder. Your grab misses the adder.
The adder is heavily wounded.
The adder misses you.
The hobgoblin hits you. x2; The adder barely misses you.
You closely miss the adder. Your grab misses the adder.
Your squeeze misses the adder.
The adder is heavily wounded.
The hobgoblin barely misses you. The hobgoblin hits you. The adder bites you.
You are poisoned.
The adder poisons you!
You barely miss the adder. You grab the adder.
The adder is heavily wounded.
You constrict the adder.
You feel sick. The hobgoblin hits you.
* * * LOW HITPOINT WARNING * * *
The hobgoblin hits you.
* * * LOW HITPOINT WARNING * * *
The adder bites you.
* * * LOW HITPOINT WARNING * * *
You tentacle-slap the adder.
You kill the adder!
* * * LOW HITPOINT WARNING * * *
You feel sick. The hobgoblin misses you. The hobgoblin barely misses you.
It was a potion of attraction.
You feel attractive to monsters.
* * * LOW HITPOINT WARNING * * *
You feel sick. The hobgoblin closely misses you. The hobgoblin hits you.
You die...

########
##<.....##
##........##
#..........#
#.....hg...#
#.....g....#
#.........^#
#..........#
#.<.........#
...#.........#
.............#
#..........#


You could see 2 hobgoblins.

Vanquished Creatures
  An orc priest (D:3)
  An iguana (D:4)
  A gnoll (D:2)
  7 adders
  2 ribbon worms
  4 orcs (D:3)
  7 ball pythons
  3 bats
  4 endoplasms
  2 giant cockroaches
  4 goblins
  9 hobgoblins
  8 kobolds
  2 quokkas
  3 frilled lizards (D:1)
  A rat (D:1)
59 creatures vanquished.

Notes
Turn   | Place    | Note
-------+----------+-------------------------------------------
     0 | D:1      | Gobbopathe the Octopode Shapeshifter began the quest for
                  | the Orb.
     0 | D:1      | Reached XP level 1. HP: 13/13 MP: 1/1
    83 | D:1      | Found Suaxick's Assorted Antiques.
    96 | D:1      | Reached XP level 2. HP: 18/18 MP: 2/2
   186 | D:1      | You fall into a shaft and drop 1 floor!
   383 | D:1      | Reached skill level 1 in Stealth
   455 | D:1      | Reached XP level 3. HP: 23/23 MP: 3/3
   878 | D:2      | Found Pof Fits's Book Shop.
  1183 | D:2      | Reached XP level 4. HP: 29/29 MP: 4/4
  1980 | D:3      | Reached XP level 5. HP: 35/35 MP: 5/5
  2035 | D:3      | Found a white marble altar of Elyvilon.
  2265 | D:3      | Found the +7 staff of the Meek {protect, meekguard}
  2371 | D:4      | Reached skill level 4 in Shapeshifting
  2380 | D:4      | Slain by a hobgoblin

Illustrated notes

Levels and vault maps discovered:
D:1:      dpeg_arrival_renting, layout_basic, serial_shops, shop
D:2:      wad_crossroads, layout_basic, serial_shops,
          nicolae_shop_window_shopping, serial_bayou_pond_b
D:3:      layout_basic, mainiacjoe_overflow_alcove_1, minmay_liquid_box,
          hangedman_abyss_or_decor_stabs, pf_guarded_unrand_meek
D:4:      layout_rooms, serial_shops, shop_fountains

Skill      XL: |  1  2  3  4  5 |
---------------+----------------+-----
Stealth        | 1 2 |  2.8
Fighting       | 2 |  2.7
Shapeshifting  | 4 |  4.0
Dodging        | |  2.8
Unarmed Combat | |  3.5

Action                     |  1- 3 |  4- 6 || total
---------------------------+-------+-------++-------
  Melee: Unarmed           |    57 |    60 ||   117
         Constrict         |    17 |    12 ||    29
         Tentacles         |    11 |    16 ||    27
         Punch             |     2 |     3 ||     5
    Use: Potion            |       |     1 ||     1
   Stab: Sleeping          |     6 |     4 ||    10
 Armour: Skin              |    17 |    32 ||    49
  Dodge: Dodged            |    26 |    40 ||    66
